Map: Deathaura LE

Players

Powerfoe

  • Race: Terran Terran
  • League: Master
  • Spawn Location: 11:00

A.I. 1 (Very Easy) - Winner!

  • Race: Terran Terran
  • Spawn Location: 5:00

VOD

Have the link to the VOD?

Description

Time

  • Played on: Sept. 15, 2020, 7:53 p.m.
  • Length: 7:04
Show
View Real Time Build Order
Export as new Build Order

Powerfoe Terran 

Build Orders: Gas First Reaper Expand, Mech 

Get SALT Encoding   

  12  0:00  SCV  
  13  0:12  SCV  
  14  0:16  Supply Depot  
  14  0:24  SCV  
  14  0:27  Refinery  
  15  0:38  SCV  
  16  0:43  Barracks  
  16  0:50  SCV  
  17  1:02  SCV  
  18  1:14  SCV  
  19  1:30  Orbital Command, Reaper  
  20  1:44  Command Center  
  20  1:56  SCV  
  20  1:58  Factory  
  21  2:04  Barracks Reactor  
  21  2:08  SCV  
  22  2:11  Supply Depot  
  22  2:17  Bunker  
  22  2:20  SCV  
  23  2:25  Refinery  
  23  2:33  SCV  
  24  2:39  Marine  
  24  2:40  Marine  
  28  2:44  Hellion  
  28  2:45  SCV  
  28  2:50  Starport  
  29  2:59  Orbital Command  
  29  3:02  Marine  
  29  3:04  Marine  
  31  3:06  Factory Tech Lab  
  31  3:10  SCV  
  32  3:21  Marine x2  
  32  3:22  SCV  
  38  3:27  Cyclone  
  38  3:28  SCV  
  38  3:30  Starport Tech Lab  
  39  3:34  SCV  
  40  3:45  SCV  
  40  3:46  SCV  
  40  3:48  Supply Depot  
  42  3:50  Raven  
  44  3:57  SCV  
  44  3:58  SCV  
  46  4:03  Command Center  
  46  4:11  SCV x2  
  46  4:13  Refinery  
  46  4:16  Refinery  
  48  4:21  Supply Depot, Siege Tank  
  51  4:24  SCV  
  51  4:25  SCV  
  53  4:37  SCV  
  54  4:41  Supply Depot  
  54  4:42  SCV  
  54  4:43  Viking x2  
  59  4:49  SCV  
  60  4:54  SCV  
  60  4:57  Supply Depot  
  61  5:01  SCV  
  61  5:02  Siege Tank  
  61  5:06  SCV  
  66  5:12  Factory  
  66  5:13  SCV  
  66  5:14  Factory  
  67  5:17  Barracks Reactor  
  67  5:18  SCV  
  68  5:27  SCV, Refinery  
  69  5:29  Refinery  
  69  5:30  Engineering Bay  
  69  5:31  Orbital Command, SCV  
  70  5:38  Siege Tank  
  70  5:39  SCV  
  74  5:43  SCV  
  74  5:44  Viking  
  74  5:46  Viking  
  79  5:51  SCV  
  79  5:55  SCV  
  81  6:02  SCV, Missile Turret  
  81  6:03  SCV  
  83  6:05  Missile Turret  
  83  6:07  SCV  
  83  6:08  Supply Depot  
  83  6:09  Supply Depot  
  84  6:15  SCV x2  
  86  6:19  SCV  
  86  6:20  Sensor Tower  
  87  6:28  SCV x2  
  87  6:30  Siege Tank x2  
  87  6:32  Hellion x2  
  99  6:36  SCV  
  100  6:40  SCV x2  
  102  6:48  SCV  
  102  6:49  Missile Turret  
  109  6:54  Armory  
  109  6:57  Armory  
Show
View Real Time Build Order
Export as new Build Order

A.I. 1 (Very Easy) Terran - Winner!

Build Orders:  

Get SALT Encoding   

  12  0:00  SCV  
  13  0:13  SCV  
  14  0:18  Supply Depot  
  14  0:37  Refinery  
  14  0:42  Barracks  
  14  1:05  Supply Depot  
  14  1:11  Refinery  
  14  1:30  Orbital Command, Marine  
  15  1:49  Barracks Tech Lab  
  15  1:55  SCV  
  16  2:08  SCV  
  17  2:18  Marine  
  17  2:20  SCV  
  19  2:32  SCV  
  21  2:44  SCV  
  21  2:56  SCV  
  22  3:06  Marauder  
  24  6:49  SCV  
  24  6:50  Supply Depot  
  24  6:52  Factory  
  26  6:56  Command Center  
Tags
 
Composition
Mech
League
Master
Matchup
TvT
Race
Terran
Spawn Locations
Cross Positions
Add a new tag
Caveats
  • Supply blocks, unpowered buildings, or Contaminate may cause inaccurate times.
  • Supply counts are checked every 10 seconds.